 Dungeon Crawl Stone Soup version 0.30.0-29-ga12c61a403 (webtiles) character file.

Game seed: 14933885408563808323

14731 BONEBRO the Peltast (level 11, -4/83 HPs)
             Began as a Minotaur Fighter on June 10, 2023.
             Was a Follower of Trog.
             Slain by a brown ugly thing (11 damage)
             ... on level 11 of the Dungeon.
             The game lasted 01:22:20 (10829 turns).

BONEBRO the Peltast (Minotaur Fighter)             Turns: 10829, Time: 01:22:27

Health: -4/83      AC: 26    Str: 24    XL:     11   Next: 92%
Magic:  1/10       EV:  6    Int:  5    God:    Trog [*.....]
Gold:   399        SH: 24    Dex: 11    Spells: 10/10 levels left

rFire   . . .        a - +1 war axe
rCold   . . .        H - +0 tower shield
rNeg    . . .        I - +0 plate armour
rPois   .            (helmet restricted)
rElec   .            L - +0 cloak
rCorr   .            A - +0 pair of gloves {infuse}
SInv    .            p - +0 pair of boots
Will    .....        u - amulet of reflection Stlth
                     k - +4 ring of protection
HPRegen 0.33/turn    Q - +4 ring of protection
MPRegen 0.12/turn

%: reflection, infuse magic (1 MP)
@: on berserk cooldown, slowed, very slow
A: horns 2, retaliatory headbutt
a: Renounce Religion, Berserk


You were on level 11 of the Dungeon.
You worshipped Trog.
Trog was aware of your devotion.
You visited 1 branch of the dungeon, and saw 11 of its levels.
You also visited: Ossuary.

You collected 730 gold pieces.
You spent 331 gold pieces at shops.

Inventory:

Hand Weapons
 a - a +1 war axe (weapon)
 K - a +4 quarterstaff of chaos
 S - a +2 battleaxe of flaming
Missiles
 f - 28 poisoned darts (quivered)
 v - 2 curare-tipped darts
 T - 2 throwing nets
Armour
 p - a +0 pair of boots (worn)
 w - a +0 troll leather armour
 A - a +0 pair of gloves of infusion (worn)
 H - a +0 tower shield (worn)
 I - a +0 plate armour (worn)
 L - a +0 cloak (worn)
Jewellery
 h - a ring of positive energy
 i - a +5 ring of evasion
 k - a +4 ring of protection (left hand)
 o - a ring of resist corrosion
 u - an amulet of reflection (around neck)
 D - a ring of poison resistance
 M - an amulet of regeneration
 Q - a +4 ring of protection (right hand)
 V - a +6 ring of dexterity
Wands
 y - a wand of polymorph (1)
 E - a wand of quicksilver (11)
 R - a wand of flame (25)
 U - a wand of charming (12)
Scrolls
 c - a scroll of silence
 d - a scroll of fear
 e - 2 scrolls of teleportation
 l - a scroll of immolation
 n - 2 scrolls of vulnerability
 r - a scroll of identify
 X - a scroll of enchant weapon
 Z - a scroll of torment
Potions
 b - a potion of berserk rage {unknown}
 g - 2 potions of degeneration
 j - 4 potions of lignification
 m - 2 potions of cancellation {unknown}
 q - 5 potions of curing
 s - 2 potions of magic {unknown}
 z - 2 potions of resistance {unknown}
 B - a potion of might
 F - 2 potions of ambrosia
 J - 2 potions of flight {unknown}
 O - a potion of attraction {unknown}
 P - a potion of invisibility
 W - 3 potions of mutation


   Skills:
 - Level 3.6 Fighting
 + Level 13.5 Axes
 + Level 2.1 Throwing
 - Level 9.1 Armour
 - Level 1.4 Dodging
 - Level 1.0 Stealth
 * Level 16.7 Shields


You had 10 spell levels left.
You didn't know any spells.
Your spell library contained the following spells:

 Spells                   Type           Power      Damage    Failure   Level
 Freeze                   Ice            0%         1d3       100%        1
 Magic Dart               Conj           0%         1d3       100%        1
 Summon Small Mammal      Summ           0%         N/A       100%        1
 Call Imp                 Summ           0%         N/A       100%        2
 Cigotuvi's Dreadful Rot  Necr/Pois/Air  0%         N/A       100%        2
 Lesser Beckoning         Tloc           0%         N/A       100%        2
 Call Canine Familiar     Summ           0%         N/A       100%        3
 Frozen Ramparts          Ice            0%         1d1       100%        3
 Gell's Gravitas          Tloc           0%         N/A       100%        3
 Hailstorm                Conj/Ice       0%         3d3       100%        3
 Mephitic Cloud           Conj/Pois/Air  0%         N/A       100%        3
 Ozocubu's Armour         Ice            0%         N/A       100%        3
 Portal Projectile        Hex/Tloc       0%         N/A       100%        3
 Summon Guardian Golem    Hex/Summ       0%         N/A       100%        3
 Teleport Other           Tloc           0%         N/A       100%        3
 Tukima's Dance           Hex            0%         N/A       100%        3
 Vhi's Electric Charge    Tloc/Air       0%         N/A       100%        3
 Dispel Undead            Necr           0%         3d6       100%        4
 Leda's Liquefaction      Hex/Erth       0%         N/A       100%        4
 Arcjolt                  Conj/Air       0%         1d10      100%        5
 Blade Hands              Tmut           0%         N/A       100%        5
 Metabolic Englaciation   Hex/Ice        0%         N/A       100%        5
 Death Channel            Necr           0%         N/A       100%        6
 Simulacrum               Ice/Necr       0%         N/A       100%        6
 Maxwell's Capacitive Co  Air            0%         ∞         100%        8


Dungeon Overview and Level Annotations

Branches:
Dungeon (11/15)            Temple (0/1) D:6         Ossuary (visited)
   Lair: D:8-11         Orc: D:9-12

Altars:
Ru
Trog
Uskayaw
Wu Jian
Yredelemnul
Zin

Shops:
D:6 :   D:7 (

Annotations:
D:7 3 runed translucent doors, drewk1942's ghost, novice GnWn


Innate Abilities, Weirdness & Mutations

You have a pair of horns on your head.
You reflexively headbutt those who attack you in melee.


Message History

The yak is heavily wounded.
You are no longer corroded.
The yak gores you!
* * * LOW HITPOINT WARNING * * *
The +4 glaive of speed completely misses you.
You slash the yak!
The yak is almost dead.
You block the +1 heavy glaive's attack.
You slash the yak!
You kill the yak!
Trog accepts your kill.
You block the +4 glaive of speed's attack.
You slice the yak!!
You kill the yak!
Trog accepts your kill.
Things that are here:
a yak corpse; a yak corpse; a yak corpse
Found 10 gold pieces.
You feel a strong urge to attack something.
You feel your anger nearly subside.
You are no longer berserk.
You are exhausted.
You feel yourself slow down. As you open the door, it creaks loudly!
There is an open door here.
Okay, then.
Okay, then.
What are your orders? t - Shout!
Orders for allies: a - Attack new target. r - Retreat! s - Stop attacking. g - Guard the area. f - Follow me.
Anything else - Cancel.
Okay, then.
As you read the scroll of fear, it crumbles to dust.
You assume a fearsome visage.
The +1 heavy glaive is unaffected.
The brown ugly thing resists with some effort.
The +4 glaive of speed is unaffected.
You block the brown ugly thing's attack.
The brown ugly thing gores you!
You die...

..... ... ......
.... ..... ..'.
#... ..#
###...####..##.
...............
............#
.......@....##.
........u.......
#.##..##'##..##.
#'##..##(##..##.
#.....#.........
#.....#.(......$
#....>#......##.
+.....#......#
#...).#......#


You could see a brown ugly thing and 2 dancing weapons.

Vanquished Creatures
  7 two-headed ogres
  Erica (D:10)
  Maggie (D:7)
  2 trolls
  A hornet (D:11)
  11 dancing weapons
  A shadow (D:10)
  2 wyverns
  A vampire (D:10)
  14 yaks
  2 steam dragons
  10 vampire mosquitoes (D:10)
  Duvessa (D:6)
  3 water moccasins
  2 acid dragons
  5 orc warriors
  A hornet zombie (Ossuary)
  3 sky beasts
  An ogre (D:6)
  3 centaurs
  2 phantoms (D:5)
  A kobold brigand (D:7)
  Blork the orc (D:6)
  3 bullfrogs
  3 scorpions
  4 wyvern zombies (Ossuary)
  3 water moccasin zombies (Ossuary)
  7 wights
  Dowan (D:6)
  8 bullfrog zombies (Ossuary)
  4 orc priests
  Crazy Yiuf (D:6)
  A centaur zombie (Ossuary)
  2 hounds
  A jelly (D:6)
  10 iguanas
  A sleepcap (D:5)
  11 orc wizards
  A killer bee zombie (Ossuary)
  19 mummies (Ossuary)
  2 howler monkey zombies (Ossuary)
  8 gnolls
  14 adders
  A white imp (D:8)
  3 worms
  A dart slug (D:3)
  46 orcs
  8 endoplasms
  A giant cockroach (D:2)
  8 goblins
  5 hobgoblins
  14 kobolds
  2 quokkas (D:2)
  7 ball pythons
  6 bats
  4 frilled lizards
  A rat (D:3)
287 creatures vanquished.

Vanquished Creatures (others)
  2 orc wizards
2 creatures vanquished.

Grand Total: 289 creatures vanquished

Notes
Turn   | Place    | Note
-------+----------+-------------------------------------------
     0 | D:1      | BONEBRO the Minotaur Fighter began the quest for the Orb.
     0 | D:1      | Reached XP level 1. HP: 19/19 MP: 0/0
   169 | D:1      | Reached XP level 2. HP: 27/27 MP: 1/1
   447 | D:2      | Reached XP level 3. HP: 32/33 MP: 2/2
   646 | D:2      | Reached skill level 5 in Axes
   679 | D:2      | Reached XP level 4. HP: 40/40 MP: 3/3
   731 | D:2      | Found a faded altar of an unknown god.
  1218 | D:3      | Reached XP level 5. HP: 46/46 MP: 4/4
  1438 | D:3      | Noticed a sky beast
  1446 | D:3      | Killed a sky beast
  1447 | D:3      | Reached skill level 1 in Dodging
  1547 | D:3      | Reached XP level 6. HP: 46/52 MP: 5/5
  2298 | D:4      | Found an ornate altar of the Wu Jian Council.
  2312 | D:4      | Became a worshipper of the Wu Jian Council
  2568 | D:4      | Noticed an orc warrior
  2592 | D:4      | Killed an orc warrior
  2647 | D:4      | Reached skill level 1 in Stealth
  2801 | D:4      | Reached XP level 7. HP: 58/58 MP: 6/6
  3168 | D:5      | Entered Level 5 of the Dungeon
  3447 | D:5      | Reached skill level 10 in Axes
  4036 | D:6      | Noticed Blork the orc
  4040 | D:6      | Killed Blork the orc
  4041 | D:6      | Reached skill level 4 in Shields
  4041 | D:6      | Reached XP level 8. HP: 55/66 MP: 7/7
  4173 | D:6      | Found a staircase to the Ecumenical Temple.
  4202 | D:6      | Reached skill level 5 in Shields
  4247 | D:6      | Reached skill level 5 in Armour
  4392 | D:6      | Found a runed translucent door.
  4393 | D:6      | Noticed Crazy Yiuf
  4462 | D:6      | Noticed Duvessa
  4462 | D:6      | Noticed Dowan
  4474 | D:6      | Killed Dowan
  4474 | D:6      | Reached * piety under Wu Jian
  4482 | D:6      | Killed Duvessa
  4483 | D:6      | Reached skill level 6 in Shields
  4684 | D:6      | Found Qasat's Book Shoppe.
  4852 | D:6      | Reached skill level 7 in Shields
  4977 | D:6      | Killed Crazy Yiuf
  5091 | D:7      | Reached skill level 1 in Throwing
  5091 | D:7      | Reached XP level 9. HP: 50/71 MP: 8/8
  5255 | D:7      | Reached skill level 8 in Shields
  5272 | D:7      | Noticed Maggie
  5290 | D:7      | Killed Maggie
  5317 | D:7      | Found a basalt altar of Yredelemnul.
  5322 | D:7      | Identified the +0 helmet of Vufo {+Blink Dex-5 Stlth+}
  5421 | D:7      | Reached skill level 9 in Shields
  5486 | D:7      | Found Qiwkody's Hydra Hut.
  5487 | D:7      | Noticed a seven-headed hydra
  5494 | D:7      | Found a hide-covered altar of Uskayaw.
  5544 | D:7      | Reached ** piety under Wu Jian
  5669 | D:7      | Bought a +2 battleaxe of flaming for 331 gold pieces
  5752 | D:7      | Found a runed translucent gate.
  5752 | D:7      | Found a runed translucent gate.
  5752 | D:7      | Found a runed translucent gate.
  5752 | D:7      | Noticed drewk1942's ghost (novice GnWn)
  5755 | D:7      | Noticed a kobold demonologist
  6028 | D:8      | Reached skill level 10 in Shields
  6419 | D:8      | Noticed a two-headed ogre
  6424 | D:8      | Killed a two-headed ogre
  6425 | D:8      | Reached skill level 11 in Shields
  6425 | D:8      | Reached XP level 10. HP: 55/78 MP: 9/9
  6605 | D:8      | Found a sand-covered staircase.
  6631 | Ossuary  | Entered an ossuary
  6685 | Ossuary  | Reached skill level 12 in Shields
  6847 | Ossuary  | Reached *** piety under Wu Jian
  7274 | D:8      | Found a sacrificial altar of Ru.
  7538 | D:9      | Found a bloodstained altar of Trog.
  7566 | D:9      | Fell from the grace of Wu Jian
  7566 | D:9      | Became a worshipper of Trog the Wrathful
  7642 | D:9      | Noticed a two-headed ogre
  7786 | D:8      | Killed a two-headed ogre
  7787 | D:8      | Reached skill level 13 in Shields
  7800 | D:9      | Noticed a two-headed ogre
  7813 | D:9      | Killed a two-headed ogre
  7956 | D:9      | Noticed a two-headed ogre
  7967 | D:9      | Killed a two-headed ogre
  7968 | D:9      | Reached skill level 14 in Shields
  8062 | D:9      | Reached XP level 11. HP: 80/83 MP: 10/10
  8193 | D:9      | Noticed a two-headed ogre
  8208 | D:9      | Killed a two-headed ogre
  8708 | D:10     | Entered Level 10 of the Dungeon
  8987 | D:10     | Noticed a two-headed ogre
  9001 | D:10     | Killed a two-headed ogre
  9002 | D:10     | Reached skill level 15 in Shields
  9837 | D:10     | Noticed Erica
  9837 | D:10     | Noticed a two-headed ogre
  9874 | D:10     | Killed a two-headed ogre
  9874 | D:10     | Reached * piety under Trog
  9887 | D:10     | Killed Erica
  9888 | D:10     | Reached skill level 16 in Shields
 10233 | D:10     | Identified the +5 quarterstaff of the Shining Light {heavy,
                  | rN+}
 10663 | D:10     | Found a glowing silver altar of Zin.
 10813 | D:11     | Noticed a brown ugly thing
 10814 | D:11     | HP: 3/124 [yak (11)]
 10829 | D:11     | Slain by a brown ugly thing

Illustrated notes

Levels and vault maps discovered:
D:1:      dpeg_arrival_tiny_a, layout_rooms
D:2:      layout_loops_ring, basic_ecumenical_altar
D:3:      layout_basic, serial_bayou_pond_d
D:4:      layout_basic, nicolae_wu_jian_wuxing_cycle, minivault_5,
          minmay_misc_feat_ornament
D:5:      layout_loops_ring
D:6:      layout_loops_ring, minmay_temple_entry_offerings, serial_shops,
          kennysheep_mini, uniq_crazy_yiuf_cottage, uniq_blork_the_orc,
          uniq_duvessa
D:7:      layout_basic, mainiacjoe_overflow_concentric_impassable,
          old_standard_altar, gammafunk_ghost_nasty_kobolds,
          kennysheep_cross_room, doesnt_shop_hydraphobe, uniq_maggie
D:8:      layout_loops_corners, hangedman_ru_absence, enter_ossuary_1
D:9:      layout_gridville, trog_butcher_becter, mainiacjoe_overflow_two_lobes
D:10:     layout_long_grid, zin_treasury, kennysheep_generic_room_8, uniq_erica
D:11:     layout_gridville, lair_entry_dummy, david_orc_3, serial_shops, shop,
          okawaru_gym_becter

Skill      XL: |  1  2  3  4  5  6  7  8  9 10 11 |
---------------+----------------------------------+-----
Axes           | 3 4 5 6 7 8 10 11 13 | 13.5
Dodging        | 1 |  1.4
Stealth        | 1 |  1.0
Armour         | 4 7 8 9 |  9.1
Shields        | 4 7 11 14 16 | 16.7
Throwing       | 1 2 |  2.1
Fighting       | |  3.6

Action                     |  1- 3 |  4- 6 |  7- 9 | 10-12 || total
---------------------------+-------+-------+-------+-------++-------
  Melee: War axe           |    57 |   186 |   289 |   590 ||  1122
         Headbutt          |     5 |    17 |    60 |   117 ||   199
  Throw: Dart              |       |       |     2 |    16 ||    18
 Invoke: Berserk           |       |       |       |     1 ||     1
Ability: Lunge             |       |     2 |    21 |    10 ||    33
         Whirlwind         |       |       |     1 |     2 ||     3
    Use: Scroll            |       |     3 |     9 |     9 ||    21
         Potion            |       |     5 |       |     8 ||    13
   Stab: Distracted        |       |       |       |     1 ||     1
 Armour: Scale mail        |    41 |    76 |    35 |       ||   152
         Plate armour      |       |       |    41 |   113 ||   154
         Acid dragon scale |       |       |     6 |       ||     6
         Troll leather arm |       |       |       |    29 ||    29
  Dodge: Dodged            |    23 |    42 |    50 |    75 ||   190
  Block: Buckler           |    18 |    41 |    25 |       ||    84
         Reflection        |       |     1 |    16 |     6 ||    23
         Tower shield      |       |       |   198 |   543 ||   741
